Map: Dynasty LE

Players

ggnore

  • Race: Terran Terran
  • League: Silver
  • Spawn Location: 1:00

xBenx - Winner!

  • Race: Zerg Zerg
  • League: Gold
  • Spawn Location: 7:00

VOD

Have the link to the VOD?

Description

xBenx vs ggnore

Time

  • Played on: April 9, 2024, 2:45 p.m.
  • Length: 22:26
Show
View Real Time Build Order
Export as new Build Order

ggnore Terran 

Build Orders:  

Get SALT Encoding   

  12  0:00  SCV  
  13  0:16  Supply Depot  
  13  0:17  SCV  
  14  0:29  SCV  
  15  0:41  Barracks  
  15  0:44  Supply Depot  
  15  0:45  SCV  
  16  0:58  SCV  
  17  1:04  Barracks  
  17  1:14  Supply Depot  
  17  1:31  Orbital Command  
  17  1:40  Marine  
  17  1:43  Refinery  
  17  1:47  Refinery  
  18  1:57  Marine  
  18  1:58  Marine  
  18  2:00  SCV  
  21  2:14  SCV  
  22  2:26  SCV  
  23  2:33  Command Center  
  23  2:35  Barracks Tech Lab  
  23  2:43  SCV  
  24  2:55  Barracks Reactor, SCV  
  25  3:02  Barracks  
  25  3:07  SCV  
  25  3:11  Barracks  
  26  3:19  Stimpack, SCV  
  27  3:20  Supply Depot  
  27  3:45  Refinery  
  27  3:50  Factory  
  27  3:52  Marine  
  27  3:53  Marine x2  
  30  4:02  Barracks Reactor  
  29  4:07  Barracks Tech Lab  
  29  4:13  Orbital Command, SCV  
  30  4:20  Refinery  
  30  4:25  SCV  
  31  4:31  Engineering Bay  
  31  4:35  Factory Reactor  
  31  4:36  Starport  
  31  4:39  Marine x2  
  31  4:44  SCV  
  34  4:47  SCV  
  35  4:54  Combat Shield  
  35  4:56  Marine  
  36  5:07  Marauder  
  36  5:08  Marine x2  
  36  5:10  Marine x2  
  42  5:14  Marauder  
  42  5:16  SCV  
  42  5:21  SCV  
  46  5:28  SCV  
  47  5:33  SCV  
  48  5:38  Medivac  
  48  5:39  Medivac  
  52  5:44  Starport  
  52  5:52  Factory Tech Lab  
  52  6:01  SCV  
  53  6:05  SCV  
  53  6:08  Terran Infantry Weapons Level 1  
  54  6:12  Armory  
  54  6:13  SCV  
  54  6:17  SCV  
  56  6:24  Engineering Bay  
  56  6:26  Starport Reactor, Medivac x2  
  56  6:28  Marauder  
  56  6:31  Concussive Shells  
  62  6:49  Marine x4  
  62  6:50  Marauder, SCV  
  62  6:52  Supply Depot  
  69  6:58  Terran Infantry Armor Level 1  
  69  7:01  Supply Depot  
  69  7:02  Supply Depot, SCV  
  69  7:07  Marine x2  
  62  7:40  SCV  
  62  7:43  Terran Vehicle And Ship Armor Level 1  
  63  7:44  Medivac  
  63  7:45  Medivac x3  
  63  7:47  Siege Tank  
  74  7:52  SCV  
  74  7:55  Marauder, Marine x2  
  79  8:04  SCV  
  80  8:14  Terran Infantry Weapons Level 2  
  80  8:16  SCV  
  81  8:23  Marine x2  
  81  8:24  Marauder  
  81  8:26  Liberator  
  88  8:28  SCV  
  88  8:30  Marine x2  
  88  8:31  Marauder  
  93  8:40  SCV  
  90  8:56  SCV  
  72  9:18  Marine x2  
  72  9:20  Marine x2, Marauder  
  72  9:24  Marauder  
  80  9:25  SCV  
  81  9:35  Marine  
  81  9:36  Marine  
  81  9:37  SCV  
  81  9:38  Marine x2  
  86  10:01  Terran Infantry Armor Level 2  
  86  10:03  Liberator x2, SCV, Terran Vehicle And Ship Armor Level 2  
  93  10:10  Supply Depot  
  93  10:12  Supply Depot  
  93  10:15  SCV  
  93  10:16  SCV  
  95  10:26  Siege Tank  
  95  10:27  SCV  
  95  10:28  SCV  
  100  10:40  SCV  
  101  10:52  SCV  
  102  11:04  SCV  
  77  11:20  Orbital Command  
  65  12:14  SCV  
  66  12:24  Marauder, Marine x2  
  66  12:26  SCV  
  66  12:27  Medivac x2  
  66  12:29  Liberator x2  
  81  12:31  Marine x2  
  83  12:38  SCV  
  84  12:50  SCV  
  85  12:51  SCV  
  85  12:57  Marine x2  
  88  13:03  SCV x2  
  90  13:12  Marauder  
  92  13:15  SCV x2  
  94  13:27  SCV  
  94  13:28  Viking x2, SCV  
  94  13:29  Medivac  
  102  13:39  SCV  
  102  13:40  SCV  
  104  13:51  SCV  
  104  13:52  SCV  
  104  13:54  Refinery  
  102  14:03  SCV  
  102  14:04  SCV  
  103  14:15  SCV  
  103  14:27  SCV  
  104  14:39  SCV  
  104  14:41  SCV  
  104  14:45  Command Center  
  106  14:51  SCV  
  107  14:53  SCV  
  107  14:57  Marine x2  
  110  15:04  SCV  
  97  15:15  Marine x2  
  97  15:16  SCV  
  94  15:28  SCV  
  95  15:40  SCV  
  95  16:31  Starport Reactor  
  95  16:32  Factory Tech Lab  
  95  16:46  Supply Depot  
  95  16:59  Supply Depot  
  95  17:02  Supply Depot  
  95  17:08  SCV, Marine x4  
  101  17:25  Missile Turret, Marine x4  
  89  17:39  Orbital Command  
  89  17:43  Marine x2  
  91  17:47  Missile Turret  
  88  18:01  Marine  
  90  18:15  Missile Turret  
  90  18:19  Marine  
  90  18:43  SCV  
  91  18:55  SCV  
  92  19:07  SCV  
  93  19:19  SCV  
  95  19:31  SCV  
  95  19:39  Bunker, Barracks Reactor  
  95  19:43  SCV  
  96  19:55  SCV  
  97  20:35  Liberator x2  
Show
View Real Time Build Order
Export as new Build Order

xBenx Zerg - Winner!

Build Orders: Hatch First 

Get SALT Encoding   

  12  0:02  Drone  
  13  0:16  Overlord  
  13  0:28  Drone  
  14  0:34  Drone x2  
  16  0:47  Drone  
  17  1:10  Drone x2  
  19  1:14  Extractor  
  19  1:17  Drone  
  19  1:19  Hatchery  
  19  1:20  Extractor  
  19  1:25  Spawning Pool  
  16  1:28  Drone  
  17  1:33  Drone  
  18  1:43  Overlord  
  18  2:06  Drone  
  19  2:11  Queen  
  19  2:14  Drone  
  22  2:17  Baneling Nest  
  22  2:21  Overlord  
  21  2:27  Zergling x2  
  22  2:33  Drone  
  22  2:34  Queen  
  25  2:38  Drone  
  26  2:47  Evolution Chamber  
  26  2:50  Lair  
  25  2:53  Drone  
  27  3:12  Drone  
  27  3:13  Drone  
  27  3:17  Drone x2  
  27  3:18  Spore Crawler  
  27  3:19  Zergling x2, Drone  
  31  3:32  Overlord x2  
  30  3:42  Zergling x6  
  30  3:47  Zerg Ground Armor Level 1  
  33  3:50  Queen  
  35  3:57  Extractor, Drone x2  
  35  4:00  Spore Crawler  
  35  4:05  Overlord  
  35  4:10  Baneling x4  
  35  4:18  Drone x2, Evolution Chamber  
  35  4:19  Extractor  
  35  4:22  Drone  
  36  4:27  Drone x2  
  38  4:37  Pneumatized Carapace  
  38  4:55  Zergling x14  
  38  4:56  Zergling x2  
  38  4:59  Baneling x2  
  46  5:14  Metabolic Boost  
  46  5:17  Drone x3  
  46  5:19  Drone x3  
  46  5:20  Drone x3  
  55  5:22  Baneling  
  55  5:23  Baneling  
  55  5:31  Centrifugal Hooks  
  55  5:52  Hatchery  
  55  5:55  Overlord x2  
  54  6:09  Hatchery  
  53  6:15  Zerg Melee Weapons Level 1  
  53  6:20  Drone x3  
  53  6:21  Drone x2  
  53  6:22  Extractor  
  53  6:23  Overlord  
  57  7:00  Zergling x2  
  57  7:01  Zergling x28  
  65  7:21  Zergling x2  
  65  7:22  Zergling x12  
  67  7:31  Baneling  
  67  7:32  Baneling x13  
  67  7:36  Overseer  
  67  7:40  Spire  
  67  7:41  Drone x2  
  67  7:42  Drone  
  67  7:43  Drone x7  
  76  7:50  Queen  
  78  7:51  Baneling  
  78  7:52  Baneling x2  
  78  8:02  Spore Crawler  
  78  8:04  Zergling x6  
  80  8:10  Hydralisk Den  
  79  8:18  Overlord x2  
  79  8:26  Burrow  
  79  8:30  Infestation Pit  
  79  8:32  Spore Crawler  
  61  9:09  Zerg Ground Armor Level 2  
  59  9:10  Drone  
  59  9:11  Drone x4  
  59  9:13  Drone x3  
  59  9:14  Drone x2  
  59  9:15  Drone  
  68  9:18  Extractor, Spore Crawler  
  68  9:20  Spine Crawler  
  65  9:32  Zergling x6  
  65  9:33  Zergling x34  
  65  9:38  Drone  
  81  9:48  Overlord x2  
  81  9:49  Overlord x2  
  81  9:54  Overseer  
  81  9:55  Overlord x2  
  81  10:02  Baneling x6  
  81  10:03  Baneling x4  
  81  10:12  Zergling x2, Corruptor  
  81  10:13  Zergling x8, Corruptor x3  
  81  10:14  Zergling x4  
  95  10:27  Overlord x4  
  95  10:29  Drone x3  
  95  10:30  Zerg Melee Weapons Level 2  
  95  10:33  Grooved Spines  
  98  10:37  Baneling  
  98  10:38  Baneling x2  
  92  11:19  Zergling x2  
  92  11:20  Zergling x26  
  98  11:28  Baneling x4  
  98  11:29  Baneling x6  
  96  11:40  Spine Crawler  
  96  11:42  Spine Crawler  
  96  11:44  Drone x2  
  96  11:47  Drone x2, Evolution Chamber x2  
  95  11:48  Drone x3  
  97  11:55  Overlord x3  
  97  11:58  Hatchery  
  90  12:04  Baneling  
  90  12:05  Baneling x17  
  90  12:06  Nydus Network  
  79  12:11  Zergling x12  
  79  12:12  Zergling x4  
  87  12:17  Extractor x2  
  87  12:18  Drone, Spine Crawler  
  87  12:19  Spine Crawler  
  84  12:28  Corruptor  
  86  12:38  Zerg Flyer Armor Level 1  
  86  12:39  Spine Crawler  
  86  12:41  Drone x3, Queen  
  90  12:48  Overlord x3  
  90  12:50  Zerg Missile Weapons Level 1  
  90  13:01  Zergling x2  
  90  13:02  Zergling x28  
  105  13:07  Overlord x2  
  105  13:09  Drone  
  105  13:10  Drone  
  107  13:19  Drone x3  
  110  13:26  Baneling x6  
  110  13:27  Baneling x4  
  107  13:56  Nydus Canal  
  101  14:13  Zergling x20  
  101  14:14  Zergling x12  
  101  14:17  Zergling x24  
  117  14:18  Zergling x4  
  117  14:19  Hive  
  117  14:24  Drone  
  131  14:31  Hatchery  
  131  14:32  Hatchery  
  131  14:34  Drone  
  131  14:36  Baneling  
  131  14:37  Baneling x18  
  131  14:38  Hatchery  
  129  14:39  Overlord, Corruptor  
  131  14:46  Nydus Canal  
  131  14:48  Hatchery  
  131  14:50  Nydus Network  
  128  15:12  Nydus Canal  
  94  15:33  Zergling x22  
  94  15:34  Zergling x22  
  93  15:47  Nydus Canal  
  89  15:56  Drone x2  
  91  16:01  Baneling x3  
  91  16:02  Baneling x10  
  91  16:09  Zergling x2, Queen x2  
  96  16:14  Muscular Augments  
  96  16:29  Hatchery  
  96  16:31  Extractor  
  96  16:32  Zergling x2, Extractor  
  94  16:33  Zergling x2  
  94  16:34  Zergling x40  
  94  16:35  Zergling x26  
  128  16:43  Ultralisk Cavern  
  128  16:44  Zerg Flyer Armor Level 2  
  127  16:52  Drone  
  127  16:53  Extractor  
  127  16:55  Extractor  
  125  17:11  Nydus Canal  
  125  17:12  Overlord x3  
  125  17:15  Nydus Canal  
  118  17:16  Zergling x4  
  118  17:17  Zergling x20  
  122  17:31  Corruptor  
  122  17:32  Corruptor x3  
  92  17:47  Nydus Canal  
  92  17:48  Nydus Canal  
  92  17:51  Queen  
  82  17:52  Zergling x18  
  82  17:53  Zergling x36  
  108  17:58  Drone x2  
  108  18:04  Chitinous Plating  
  109  18:13  Hatchery  
  109  18:16  Unknown  
  107  18:32  Nydus Canal  
  106  18:37  Nydus Canal  
  106  18:40  Corruptor x2  
  110  18:43  Zergling x8  
  113  18:49  Baneling x3  
  113  18:55  Drone x2  
  115  18:58  Drone x2  
  115  18:59  Drone  
  118  19:14  Nydus Canal  
  118  19:21  Overlord  
  118  19:22  Overlord x4  
  118  19:24  Overlord  
  118  19:29  Spore Crawler  
  118  19:30  Zergling x2, Ultralisk  
  124  19:33  Zergling x4, Baneling x3  
  124  19:34  Zergling x4  
  124  19:37  Drone x3  
  132  19:38  Drone x3  
  132  19:39  Drone  
  132  19:52  Baneling x2  
  132  19:53  Baneling x13  
  132  20:07  Drone x3  
  132  20:09  Spore Crawler, Hatchery  
  132  20:10  Spine Crawler  
  132  20:11  Queen  
  132  20:13  Queen  
  136  20:14  Drone  
  136  20:15  Drone x4  
  136  20:21  Spore Crawler, Ultralisk x2  
  152  20:28  Nydus Canal  
  152  20:36  Spine Crawler x2  
  152  20:38  Spore Crawler  
  105  21:00  Zergling x2  
  105  21:01  Zergling x12, Ultralisk x4  
  105  21:02  Zergling x12  
  136  21:19  Zergling x2  
  136  21:20  Zergling x8, Ultralisk x2  
  153  21:26  Nydus Canal  
  153  21:38  Nydus Canal  
  153  21:42  Zergling x6, Ultralisk  
  153  21:43  Zergling x4  
  160  21:54  Zergling x4  
  160  21:55  Baneling x6  
  160  21:56  Baneling x10  
Tags
 
Matchup
TvZ
Spawn Locations
Cross Positions
Add a new tag
Caveats
  • Supply blocks, unpowered buildings, or Contaminate may cause inaccurate times.
  • Supply counts are checked every 10 seconds.